 Dungeon Crawl Stone Soup version 0.22-a0-558-gc2241811a9 (webtiles) character file.

116 Hercules1031 the Fighter (level 5, -4/57 HPs)
             Began as a Gnoll Wanderer on June 27, 2018.
             Slain by a worm (8 damage)
             ... on level 2 of the Dungeon.
             The game lasted 00:07:41 (1832 turns).

Hercules1031 the Fighter (Gnoll Wanderer)           Turns: 1832, Time: 00:07:42

Health: -4/57      AC:  2    Str: 14      XL:     5   Next: 1%
Magic:  6/6        EV: 12    Int: 11 (13) God:
Gold:   76         SH:  4    Dex: 14 (17) Spells: 5/6 levels left

rFire    . . .     SeeInvis .   a - +2 spear
rCold    . . .     Gourm    .   q - +0 buckler
rNeg     . . .     Faith    .   d - +0 robe
rPois    .         Spirit   .   (no helmet)
rElec    .         Reflect  .   (no cloak)
rCorr    .         Harm     .   (no gloves)
MR       .....                  (no boots)
Stlth    ++........             m - amulet of rage
HPRegen  0.19/turn              (no ring)
MPRegen  0.10/turn              (no ring)

@: no status effects
A: distributed training, fangs 1, strong nose
a: Evoke Berserk Rage


You were on level 2 of the Dungeon.
You were not hungry.

You visited 1 branch of the dungeon, and saw 2 of its levels.

You collected 76 gold pieces.

Inventory:

Hand Weapons
 a - a +2 spear (weapon)
Armour
 d - a +0 robe (worn)
 q - a +0 buckler (worn)
Jewellery
 g - an uncursed amulet of regeneration {unknown}
 m - an amulet of rage (around neck)
Wands
 r - a wand of digging (17)
Scrolls
 b - 2 scrolls of teleportation
 e - a scroll of magic mapping {unknown}
 j - a scroll of random uselessness {unknown}
 k - 2 scrolls of identify
 l - 3 scrolls of fog {unknown}
 s - a scroll of fear {unknown}
Potions
 h - a potion of brilliance
 o - 2 potions of flight
Comestibles
 f - 5 rations


   Skills:
 + Level 12.0 Fighting
 + Level 1.2 Short Blades
 + Level 1.2 Long Blades
 + Level 1.2 Axes
 + Level 1.2 Maces & Flails
 + Level 2.8 Polearms
 + Level 1.2 Staves
 + Level 1.2 Slings
 + Level 1.2 Bows
 + Level 1.2 Crossbows
 + Level 1.2 Throwing
 + Level 1.2 Armour
 + Level 1.2 Dodging
 + Level 2.6 Stealth
 + Level 2.8 Shields
 + Level 2.8 Unarmed Combat
 + Level 1.2 Spellcasting
 + Level 1.0 Conjurations
 + Level 1.0 Hexes
 + Level 1.0 Charms
 + Level 1.0 Summonings
 + Level 1.0 Necromancy
 + Level 1.0 Translocations
 + Level 1.0 Transmutations
 + Level 1.0 Fire Magic
 + Level 1.0 Ice Magic
 + Level 1.0 Air Magic
 + Level 1.0 Earth Magic
 + Level 1.0 Poison Magic
 + Level 1.4 Invocations
 + Level 1.2 Evocations


You had 5 spell levels left.
You knew the following spells:

 Your Spells              Type           Power        Failure   Level  Hunger
a - Apportation           Tloc           #.....       24%         1    ##.....

Your spell library contained the following spells:

 Spells                   Type           Power        Failure   Level  Hunger


Dungeon Overview and Level Annotations

Branches:
Dungeon (2/15)

Altars:


Innate Abilities, Weirdness & Mutations

Your experience applies equally to all skills.
You have very sharp teeth.
Your uncanny sense of smell can sniff out nearby items.


Message History

* * * LOW HITPOINT WARNING * * *
You hit the worm but do no damage.
The worm is severely wounded.
The worm bites you.
* * * LOW HITPOINT WARNING * * *
You puncture the worm!
You kill the worm!
You have reached level 5!
A hobgoblin comes into view.
The hobgoblin shouts!
You hear an angry hiss.
The hobgoblin barely misses you.
An adder comes into view.
You completely miss the adder.
The adder hisses angrily.
The hobgoblin hits you but does no damage.
The adder bites you.
* * * LOW HITPOINT WARNING * * *
You closely miss the adder. The hobgoblin closely misses you.
You block the adder's attack. The worm bites you!
You die...

### ######### ..# #.# #.#
..# .## .# ###########
.## #g#...#.#.# ..#
#@w#..#.## ..###
#S.###..#!#
....##########..##.##.)##
............#..##...##..#
....#######...##..!..†..#
..### ###..##...##..# ..#
##..##.##..## .##
#.#..###..#.# .#
##†#..#..#.##


You could see a worm, an adder and a hobgoblin.

Vanquished Creatures
  Jessica (D:2)
  A gnoll (D:1)
  3 adders (D:2)
  A worm (D:2)
  3 dart slugs (D:1)
  A leopard gecko (D:2)
  2 giant cockroaches (D:2)
  5 goblins
  9 hobgoblins
  A quokka (D:2)
  2 ball pythons
  4 bats
  4 frilled lizards
  4 kobolds (D:1)
  6 rats
47 creatures vanquished.

Notes
Turn   | Place    | Note
-------+----------+-------------------------------------------
     0 | D:1      | Reached skill level 12 in Fighting
     0 | D:1      | Hercules1031 the Gnoll Wanderer began the quest for the Orb.
     0 | D:1      | Hercules1031 set off with: a +2 spear, a scroll of teleportation, a potion of curing, a +0 robe, a ration
     0 | D:1      | Reached XP level 1. HP: 31/31 MP: 1/1
   124 | D:1      | Reached XP level 2. HP: 22/38 MP: 2/2
   565 | D:1      | Reached XP level 3. HP: 44/44 MP: 3/3
   854 | D:1      | Reached skill level 1 in Invocations
  1384 | D:2      | Reached skill level 1 in Short Blades
  1384 | D:2      | Reached skill level 1 in Long Blades
  1384 | D:2      | Reached skill level 1 in Axes
  1384 | D:2      | Reached skill level 1 in Maces & Flails
  1384 | D:2      | Reached skill level 1 in Staves
  1384 | D:2      | Reached skill level 1 in Slings
  1384 | D:2      | Reached skill level 1 in Bows
  1384 | D:2      | Reached skill level 1 in Crossbows
  1384 | D:2      | Reached skill level 1 in Throwing
  1384 | D:2      | Reached skill level 1 in Armour
  1384 | D:2      | Reached skill level 1 in Dodging
  1384 | D:2      | Reached skill level 1 in Spellcasting
  1384 | D:2      | Reached skill level 1 in Evocations
  1384 | D:2      | Reached XP level 4. HP: 42/51 MP: 5/5
  1428 | D:2      | Noticed Jessica
  1438 | D:2      | Killed Jessica
  1443 | D:2      | Identified Jessica's Collected Works on the Compass
  1454 | D:2      | Learned a level 1 spell: Apportation
  1758 | D:2      | Reached skill level 1 in Conjurations
  1758 | D:2      | Reached skill level 1 in Hexes
  1758 | D:2      | Reached skill level 1 in Charms
  1758 | D:2      | Reached skill level 1 in Summonings
  1758 | D:2      | Reached skill level 1 in Necromancy
  1758 | D:2      | Reached skill level 1 in Translocations
  1758 | D:2      | Reached skill level 1 in Transmutations
  1758 | D:2      | Reached skill level 1 in Fire Magic
  1758 | D:2      | Reached skill level 1 in Ice Magic
  1758 | D:2      | Reached skill level 1 in Air Magic
  1758 | D:2      | Reached skill level 1 in Earth Magic
  1758 | D:2      | Reached skill level 1 in Poison Magic
  1829 | D:2      | Reached XP level 5. HP: 4/57 MP: 6/6
  1832 | D:2      | Slain by a worm

Vault maps used:
D:1:      dpeg_arrival_snail
D:2:      minmay_diamond_boxcup, kennysheep_jessica_study

Skill      XL: |  1  2  3  4 |
---------------+-------------+-----
Fighting       | | 12.0
Invocations    | 1 |  1.4
Short Blades   | 1 |  1.2
Long Blades    | 1 |  1.2
Axes           | 1 |  1.2
Maces & Flails | 1 |  1.2
Staves         | 1 |  1.2
Slings         | 1 |  1.2
Bows           | 1 |  1.2
Crossbows      | 1 |  1.2
Throwing       | 1 |  1.2
Armour         | 1 |  1.2
Dodging        | 1 |  1.2
Spellcasting   | 1 |  1.2
Evocations     | 1 |  1.2
Conjurations   | 1 |  1.0
Hexes          | 1 |  1.0
Charms         | 1 |  1.0
Summonings     | 1 |  1.0
Necromancy     | 1 |  1.0
Translocations | 1 |  1.0
Transmutations | 1 |  1.0
Fire Magic     | 1 |  1.0
Ice Magic      | 1 |  1.0
Air Magic      | 1 |  1.0
Earth Magic    | 1 |  1.0
Poison Magic   | 1 |  1.0
Polearms       | |  2.8
Stealth        | |  2.6
Shields        | |  2.8
Unarmed Combat | |  2.8

Action                   |  1- 3 |  4- 6 || total
-------------------------+-------+-------++-------
Melee: Spear             |    88 |    64 ||   152
       Bite              |     7 |     6 ||    13
 Cast: Apportation       |       |     1 ||     1
  Use: Scroll            |     1 |       ||     1
       Potion            |       |    13 ||    13
 Stab: Sleeping          |    10 |     2 ||    12
  Eat: Ration            |     1 |       ||     1
Armor: Robe              |     9 |     7 ||    16
Dodge: Dodged            |    25 |    22 ||    47
Block: Buckler           |     1 |    15 ||    16

Table legend:
 A = Spawn XP
 B = Non-spawn XP
 C = Spawn XP percentage of total XP
 D = Spawn monster count
 E = Non-spawn monster count
 F = Spawn count percentage of total count
 G = Total turns spent on level
                    A         B        C        D         E        F      G
               +---------+---------+-------+---------+---------+-------+---------
         Total |       0 |     167 |   0.0 |       0 |      47 |   0.0 |  1832
               +---------+---------+-------+---------+---------+-------+---------
           D:1 |       0 |      64 |   0.0 |       0 |      29 |   0.0 |  1110
           D:2 |       0 |     103 |   0.0 |       0 |      18 |   0.0 |   722
               +---------+---------+-------+---------+---------+-------+---------
